 Dungeon Sprint DCSS version 0.22.1-1-ga44c0e56f4 (webtiles) character file.

3094 MuseOD the Unseen (level 9, -2/45 (47) HPs)
             Began as a Spriggan Enchanter on Sept 22, 2018.
             Was a Believer of Dithmenos.
             Engulfed by a death drake's foul pestilence (9 damage)
             ... in the Dungeon (Sprint II: "The Violet Keep of Menkaure").
             The game lasted 00:01:54 (421 turns).

MuseOD the Unseen (Spriggan Enchanter)               Turns: 421, Time: 00:01:55

HP:   -2/45 (47)    AC:  2    Str:  4    XL:     9   Next: 59%
MP:   15/26         EV: 18    Int: 20    God:    Dithmenos [**....]
Gold: 486           SH:  0    Dex: 16    Spells: 23/32 levels left

rFire    . . .     SeeInvis +   a - +1 dagger
rCold    . . .     Gourm    .   (shield restricted)
rNeg     . . .     Faith    .   b - +0 robe
rPois    .         Spirit   .   (helmet restricted)
rElec    .         Reflect  .   (no cloak)
rCorr    .         Harm     .   (gloves unavailable)
MR       +....     NoTele   +   (boots unavailable)
Stlth    +++++++++.             (no amulet)
HPRegen  0.00/turn              (no ring)
MPRegen  0.20/turn              (no ring)

@: lethally poisoned (-2 -> -55), non-regenerating, diseased, slowed, wreathed
by umbra, quick
A: very small, unfitting armour, see invisible, herbivore, speed 3, screaming 1,
inhibited regeneration, slow metabolism 2
a: Shadow Step, Renounce Religion


You were in the Dungeon.
You worshipped Dithmenos.
Dithmenos was pleased with you.
You were not hungry.

You visited 1 branch You collected 486 gold pieces.

Inventory:

Hand Weapons
 a - a +1 dagger (weapon)
Armour
 b - a +0 robe (worn)
Scrolls
 j - a scroll of blinking
Potions
 h - 2 potions of magic
Comestibles
 d - 3 rations


   Skills:
 - Level 5.5 Fighting
 - Level 10.4 Short Blades
 - Level 3.0 Dodging
 + Level 18.1 Stealth
 + Level 12.4 Spellcasting
 + Level 12.6 Hexes


You had 23 spell levels left.
You knew the following spells:

 Your Spells              Type           Power        Failure   Level  Hunger
a - Corona                Hex            ######.      1%          1    None
b - Ensorcelled Hibernat  Hex/Ice        #####.       1%          2    None
c - Confuse               Hex            ######..     1%          3    None
d - Dazzling Spray        Conj/Hex       #####.       1%          3    None

Your spell library contained the following spells:

 Spells                   Type           Power        Failure   Level  Hunger
 Tukima's Dance           Hex            ######..     1%          3    None


Dungeon Overview and Level Annotations

Branches:
Dungeon (1/1)

Altars:
Cheibriados
Dithmenos
Elyvilon
Fedhas
Gozag
Hepliaklqana
Kikubaaqudgha
Makhleb
Nemelex Xobeh
Okawaru
Qazlal
Ru
Sif Muna
Trog
Uskayaw
Vehumet
Wu Jian
Xom
Yredelemnul
Zin
The Shining One
Beogh
Jiyva
Lugonu

Shops:
D *


Innate Abilities, Weirdness & Mutations

You are very small and have problems with some larger weapons.
You are too small for most types of armour.
You have supernaturally acute eyesight. (SInv)
You are a herbivore.
You cover ground extremely quickly.
You need to consume almost no food.
You occasionally shout uncontrollably at your foes.
You do not regenerate when monsters are visible.


Message History

Really walk into a travel-excluded area?
You feel sick.
You feel sick.
You feel sick. The death drake breathes miasma at you.
The foul vapour misses you.
You open the door.
A neqoxec comes into view.
You are engulfed in dark miasma.
You are lethally poisoned!
* * * LOW HITPOINT WARNING * * *
x2 You feel very sick.
The death drake breathes miasma at you. The foul vapour misses you.
Found 243 gold pieces. 2 neqoxecs come into view.
You shout at the neqoxec!
You are engulfed in dark miasma.
You are more poisoned.
You feel your flesh rotting away!
You feel as though you will be slow longer.
You die...

###≈≈#+++#+++#####....# ##
##≈≈≈.........#†.'.^.(# .#
∩#≈≈≈≈†##+##..#.†####.# k#
.#≈≈≈≈##.#.##.####[.+.##†#
.#≈≈≈≈#..#..#....#..#...#
.#≈≈# ##...####§§#####(§#
($ .#≈# ##†###3##§§#.G+.k#
▓?%( .#≈
##.###3§#§§#..#.§# #▓)[?
.+
+.<.+##§@§§####§§##.#▓[?$
##.##.#3#§§§§###...##▓▓▓▓
#+# #3##§.§k..≈≈≈≈≈≈≈≈≈≈
###≈≈..§..≈#'#######
#≈≈≈≈≈≈≈..≈#._._._..
#≈≈≈§≈≈≈≈.≈#.._._._.
#≈§≈§≈§≈§≈≈≈#._._._._
≈≈≈≈≈§§§≈§≈≈#_._._._.
++#≈≈≈§≈≈≈≈≈#._._._..


You could see a death drake and 4 neqoxecs.

Vanquished Creatures
  An ice dragon (D)
  A death drake (D)
  2 shining eyes (D)
  2 spiny frogs (D)
  A swamp drake (D)
  4 necrophages (D)
  A crocodile (D)
12 creatures vanquished.

Vanquished Creatures (others)
  Menkaure (D)
  A crocodile (D)
2 creatures vanquished.

Grand Total: 14 creatures vanquished

Notes
Turn   | Place    | Note
-------+----------+-------------------------------------------
     0 | D        | MuseOD the Spriggan Enchanter began the quest for the Orb.
     0 | D        | Reached XP level 1. HP: 9/9 MP: 5/5
     1 | D        | Noticed a neqoxec
     4 | D        | Noticed a necrophage
     4 | D        | Noticed a necrophage
     4 | D        | Noticed a necrophage
     4 | D        | Noticed a necrophage
    14 | D        | Killed a necrophage
    14 | D        | Reached skill level 8 in Stealth
    14 | D        | Reached XP level 2. HP: 16/16 MP: 6/6
    14 | D        | Reached XP level 3. HP: 20/20 MP: 8/8
    14 | D        | Reached XP level 4. HP: 24/24 MP: 9/9
    20 | D        | Killed a necrophage
    20 | D        | Reached skill level 9 in Stealth
    20 | D        | Reached XP level 5. HP: 28/28 MP: 10/10
    36 | D        | Killed Menkaure
    62 | D        | Killed a necrophage
    62 | D        | Reached skill level 5 in Fighting
    62 | D        | Reached skill level 10 in Stealth
    88 | D        | Killed a necrophage
    88 | D        | Reached skill level 10 in Short Blades
    88 | D        | Reached skill level 11 in Stealth
    88 | D        | Reached XP level 6. HP: 21/35 MP: 11/11
    93 | D        | Learned a level 2 spell: Ensorcelled Hibernation
    97 | D        | Learned a level 3 spell: Confuse
   101 | D        | Learned a level 3 spell: Dazzling Spray
   219 | D        | Found Wuygolul's Assorted Antiques.
   234 | D        | Found a glowing silver altar of Zin.
   235 | D        | Found a glowing golden altar of the Shining One.
   235 | D        | Found a basalt altar of Yredelemnul.
   235 | D        | Found a hide-covered altar of Uskayaw.
   236 | D        | Found a shimmering altar of Xom.
   236 | D        | Found a bloodstained altar of Trog.
   237 | D        | Found an ornate altar of the Wu Jian Council.
   237 | D        | Found a deep blue altar of Sif Muna.
   237 | D        | Found a corrupted altar of Lugonu.
   237 | D        | Found a radiant altar of Vehumet.
   237 | D        | Found a burning altar of Makhleb.
   238 | D        | Found a sacrificial altar of Ru.
   238 | D        | Found an ancient bone altar of Kikubaaqudgha.
   238 | D        | Found a white marble altar of Elyvilon.
   239 | D        | Found a stormy altar of Qazlal.
   239 | D        | Found a viscous altar of Jiyva.
   239 | D        | Found a shadowy altar of Dithmenos.
   240 | D        | Found a hazy altar of Hepliaklqana.
   240 | D        | Found a snail-covered altar of Cheibriados.
   242 | D        | Found a roughly hewn altar of Beogh.
   242 | D        | Found a sparkling altar of Nemelex Xobeh.
   242 | D        | Found a blossoming altar of Fedhas.
   243 | D        | Found an opulent altar of Gozag.
   243 | D        | Found an iron altar of Okawaru.
   249 | D        | Became a worshipper of Dithmenos the Shadowed
   259 | D        | Noticed a shining eye
   259 | D        | Noticed a shining eye
   260 | D        | Noticed a shining eye
   261 | D        | Killed a shining eye
   261 | D        | Reached skill level 13 in Stealth
   261 | D        | Reached XP level 7. HP: 39/39 MP: 14/19
   262 | D        | Gained mutation: You do not regenerate when monsters are
                  | visible. [a shining eye]
   263 | D        | Killed a shining eye
   263 | D        | Reached skill level 14 in Stealth
   263 | D        | Reached XP level 8. HP: 44/44 MP: 14/21
   264 | D        | Gained mutation: You are agile. (Dex +2) [a shining eye]
   266 | D        | Lost mutation: You are agile. (Dex +2) [a shining eye]
   269 | D        | Gained mutation: You occasionally shout uncontrollably at
                  | your foes. [a shining eye]
   276 | D        | Noticed an ice dragon
   277 | D        | Killed an ice dragon
   277 | D        | Reached * piety under Dithmenos
   277 | D        | Reached skill level 16 in Stealth
   277 | D        | Reached skill level 10 in Spellcasting
   373 | D        | Noticed a deep elf master archer
   376 | D        | Noticed a spiny frog
   376 | D        | Noticed a spiny frog
   378 | D        | Killed a spiny frog
   378 | D        | Reached XP level 9. HP: 47/47 MP: 21/25
   380 | D        | Killed a spiny frog
   380 | D        | Reached ** piety under Dithmenos
   380 | D        | Reached skill level 17 in Stealth
   394 | D        | Noticed a death drake
   394 | D        | Noticed a death drake
   398 | D        | Noticed a crystal guardian
   404 | D        | Killed a death drake
   404 | D        | Reached skill level 18 in Stealth
   421 | D        | Engulfed by a death drake's foul pestilence

Skill      XL: |  1  2  3  4  5  6  7  8  9 |
---------------+----------------------------+-----
Fighting       | 3 4 5 |  5.5
Short Blades   | 6 8 10 | 10.4
Stealth        | 8 9 11 13 14 16 18 | 18.1
Spellcasting   | 7 8 11 12 | 12.4
Hexes          | 8 9 11 12 | 12.6
Dodging        | |  3.0

Action                   |  1- 3 |  4- 6 |  7- 9 || total
-------------------------+-------+-------+-------++-------
Melee: Dagger            |     8 |    71 |    14 ||    93
 Cast: Confuse           |       |       |     8 ||     8
  Use: Potion            |     1 |     3 |       ||     4
 Stab: Sleeping          |       |     2 |     4 ||     6
       Confused          |       |       |     3 ||     3
Armor: Robe              |       |     1 |     1 ||     2
Dodge: Dodged            |     5 |    33 |     8 ||    46
